Map: Oceanborn LE

Players

Subwayeatn - Winner!

  • Race: Zerg Zerg
  • League: Platinum
  • Spawn Location: 5:00

ZergBurger

  • Race: Terran Terran
  • League: Platinum
  • Spawn Location: 11:00

VOD

Have the link to the VOD?

Description

Time

  • Played on: Oct. 31, 2023, 6:58 p.m.
  • Length: 15:33
Show
View Real Time Build Order
Export as new Build Order

Subwayeatn Zerg - Winner!

Build Orders: Hatch First 

Get SALT Encoding   

  12  0:00  Drone  
  13  0:12  Overlord  
  13  0:19  Drone  
  14  0:32  Drone x2  
  16  0:49  Hatchery  
  15  0:54  Drone  
  15  0:55  Drone  
  17  0:58  Drone  
  17  1:03  Extractor  
  17  1:15  Spawning Pool  
  16  1:19  Drone  
  16  1:22  Drone  
  18  1:28  Drone  
  19  1:39  Drone  
  20  2:01  Queen  
  20  2:03  Queen  
  20  2:04  Zergling x2  
  20  2:05  Zergling x4  
  27  2:11  Metabolic Boost  
  27  2:17  Overlord  
  27  2:21  Zergling x2  
  28  2:31  Extractor  
  27  2:43  Baneling Nest, Queen  
  28  2:47  Queen  
  30  2:53  Drone  
  30  2:54  Drone  
  30  2:58  Drone  
  33  3:07  Overlord  
  33  3:19  Overlord  
  33  3:36  Drone x7  
  40  3:54  Drone x5  
  45  3:58  Overlord  
  43  4:13  Evolution Chamber  
  43  4:14  Evolution Chamber  
  41  4:17  Spine Crawler  
  41  4:20  Lair  
  40  4:34  Zergling x8  
  44  4:41  Drone x5  
  49  4:50  Overlord  
  49  4:54  Drone x6  
  49  4:55  Drone  
  56  5:08  Hatchery  
  55  5:15  Zerg Missile Weapons Level 1  
  55  5:16  Zerg Melee Weapons Level 1  
  55  5:19  Extractor  
  54  5:22  Extractor  
  54  5:23  Centrifugal Hooks, Hydralisk Den  
  54  5:25  Drone  
  54  5:26  Drone  
  54  5:28  Drone x2  
  55  5:32  Overseer  
  55  5:34  Overseer  
  56  5:40  Overlord  
  56  5:53  Spore Crawler  
  55  5:58  Spore Crawler  
  55  6:00  Drone  
  55  6:02  Spore Crawler  
  54  6:10  Drone x3  
  57  6:14  Grooved Spines  
  57  6:15  Hydralisk x5  
  67  6:24  Queen  
  69  6:27  Drone x5  
  74  6:46  Overseer  
  74  6:53  Overseer  
  74  6:55  Drone x4  
  74  6:56  Drone x3  
  81  7:04  Infestation Pit, Muscular Augments  
  75  7:29  Drone x7  
  81  7:35  Overlord x2  
  81  7:36  Overlord x3  
  81  7:46  Zerg Melee Weapons Level 2  
  81  7:47  Zerg Missile Weapons Level 2  
  81  7:50  Extractor, Drone  
  81  7:51  Extractor  
  81  7:52  Drone  
  81  7:53  Overlord x3  
  81  7:56  Hive  
  81  7:59  Drone x2  
  83  8:07  Overseer x2  
  83  8:10  Pneumatized Carapace  
  83  8:13  Drone x5  
  83  8:14  Drone x2  
  83  8:19  Hydralisk x8  
  106  8:31  Overlord  
  106  8:39  Hatchery  
  105  8:44  Spore Crawler  
  104  8:51  Hydralisk  
  104  8:52  Hydralisk x5  
  99  9:21  Hydralisk x2  
  99  9:22  Hydralisk x10  
  102  9:39  Queen  
  102  9:54  Queen  
  102  9:56  Drone x10  
  82  10:26  Zergling x18  
  82  10:27  Zergling x14  
  94  10:33  Overseer  
  92  10:39  Zerg Missile Weapons Level 3, Zerg Melee Weapons Level 3  
  92  10:45  Drone x7  
  92  10:47  Ultralisk Cavern  
  98  10:52  Drone, Extractor  
  98  10:53  Extractor  
  79  11:08  Overseer x3  
  79  11:12  Hydralisk  
  79  11:13  Hydralisk x9  
  99  11:21  Zergling x2  
  99  11:22  Zergling x10  
  105  11:35  Hatchery  
  105  11:37  Extractor x2  
  102  11:41  Ultralisk  
  102  11:42  Ultralisk x2  
  119  11:53  Zergling x2  
  119  11:54  Zergling x16  
  128  11:56  Baneling x7  
  128  11:57  Baneling  
  128  12:07  Zergling x4  
  130  12:09  Overlord x4  
  130  12:14  Chitinous Plating  
  113  12:34  Hydralisk x2  
  113  12:35  Hydralisk  
  109  12:37  Zergling x6  
  109  12:38  Zergling x4  
  104  13:11  Zergling x20  
  104  13:12  Zergling x12  
  120  13:17  Zerg Ground Armor Level 1  
  102  13:33  Anabolic Synthesis  
  88  13:52  Baneling  
  88  13:53  Baneling x18  
  88  13:54  Adrenal Glands  
  88  13:56  Ultralisk  
  88  13:59  Ultralisk  
  100  14:08  Drone x2  
  102  14:20  Drone  
  102  14:21  Drone x2  
  102  14:22  Drone  
  106  14:26  Ultralisk x2  
  106  14:28  Zergling x28  
  106  14:29  Zergling x14  
  150  15:00  Hydralisk  
  150  15:01  Hydralisk x2  
Show
View Real Time Build Order
Export as new Build Order

ZergBurger Terran 

Build Orders: Hellion Banshee 

Get SALT Encoding   

  12  0:00  SCV  
  13  0:15  SCV  
  13  0:18  Supply Depot  
  14  0:27  SCV  
  15  0:39  SCV  
  15  0:40  Barracks  
  16  0:47  Refinery  
  16  0:51  SCV  
  17  1:03  SCV  
  18  1:07  Refinery  
  18  1:17  SCV  
  19  1:30  Reaper  
  19  1:31  Orbital Command  
  20  1:52  Factory  
  20  1:58  SCV  
  21  2:02  Supply Depot  
  21  2:23  Barracks Reactor  
  21  2:28  Supply Depot  
  21  2:45  SCV  
  21  2:50  Command Center  
  22  3:02  SCV  
  23  3:09  Barracks  
  23  3:10  Barracks Tech Lab, Hellion x2  
  23  3:12  Starport  
  27  3:14  SCV  
  28  3:26  SCV  
  29  3:35  Hellion x2  
  33  3:42  SCV  
  34  3:54  SCV  
  34  3:56  Hellion  
  34  3:57  Hellion  
  34  4:00  Supply Depot  
  34  4:01  Banshee  
  41  4:06  SCV  
  41  4:07  Supply Depot  
  42  4:17  Barracks Tech Lab  
  42  4:20  SCV  
  44  4:32  SCV  
  46  4:58  Stimpack, SCV  
  45  5:02  Orbital Command  
  45  5:04  Engineering Bay  
  45  5:05  Marine  
  45  5:06  Medivac, Marine  
  49  5:08  Widow Mine  
  49  5:11  SCV  
  52  5:17  Barracks  
  52  5:20  Marine  
  53  5:23  SCV  
  54  5:35  SCV  
  55  5:37  Command Center  
  55  5:38  Marine  
  55  5:41  Marine  
  55  5:42  SCV  
  58  5:43  Factory Tech Lab  
  58  5:47  Marine, SCV  
  58  5:48  Medivac  
  62  5:54  SCV  
  63  5:59  SCV  
  63  6:03  Bunker  
  64  6:06  SCV  
  64  6:08  Marine  
  64  6:11  Siege Tank, SCV  
  69  6:12  Terran Infantry Weapons Level 1  
  69  6:16  Missile Turret  
  70  6:19  Refinery  
  70  6:20  Refinery  
  70  6:22  Supply Depot  
  70  6:25  SCV x2, Marine  
  73  6:26  Combat Shield  
  73  6:34  Marine, Supply Depot  
  73  6:36  Marine x2  
  73  6:37  SCV x2  
  78  6:44  Marine  
  79  6:48  Engineering Bay  
  79  6:49  SCV  
  79  6:52  SCV, Marine  
  82  6:59  Marine x2  
  84  7:01  SCV  
  84  7:07  Supply Depot  
  85  7:09  Supply Depot  
  85  7:11  Marine  
  85  7:13  SCV, Marine  
  88  7:17  Marauder, Marine  
  89  7:29  Starport Reactor, Marine  
  80  7:30  Siege Tank, Marine  
  80  7:31  SCV  
  80  7:35  Armory, Marine  
  86  7:37  Barracks  
  86  7:39  Orbital Command, Marauder  
  86  7:42  SCV  
  86  7:43  SCV  
  90  7:47  Marine  
  91  7:55  Supply Depot  
  91  7:56  Marine  
  92  8:01  Terran Infantry Armor Level 1  
  92  8:02  SCV  
  92  8:04  Armory, SCV  
  94  8:08  Marine x2  
  94  8:12  SCV  
  97  8:14  SCV, Ghost Academy  
  97  8:18  Supply Depot  
  98  8:25  Medivac x2  
  98  8:26  Siege Tank, SCV  
  106  8:27  Marine  
  106  8:30  Marine  
  109  8:40  Command Center  
  109  8:41  Supply Depot, Refinery x2  
  109  8:43  Barracks Reactor  
  109  8:44  SCV  
  109  8:48  Missile Turret  
  109  8:56  SCV  
  109  8:59  SCV  
  109  9:00  Missile Turret  
  109  9:02  Marine  
  109  9:03  Missile Turret, SCV  
  93  9:19  SCV, Marine  
  93  9:21  Marine x2  
  82  9:24  Barracks  
  82  9:25  Marine  
  82  9:29  Marine x2  
  82  9:32  Factory  
  82  9:37  Marine  
  70  9:39  Marine  
  70  9:40  Orbital Command  
  70  9:45  Marine x2  
  69  9:47  Medivac x2, Marine x2  
  76  9:54  Marine  
  76  9:57  Marine  
  76  10:02  Siege Tank  
  76  10:03  Marine x2  
  76  10:04  SCV  
  76  10:05  Marauder x2  
  86  10:12  Marine  
  83  10:14  Marine  
  83  10:17  Liberator, Medivac  
  83  10:21  Marine x2  
  76  10:25  Factory Tech Lab  
  76  10:26  Marauder, Marine  
  76  10:30  Marine  
  76  10:32  Marine  
  76  10:33  Barracks Tech Lab  
  76  10:34  SCV  
  78  10:36  SCV x2  
  78  10:38  Siege Tank, Marine  
  78  10:39  Marine  
  85  10:44  Marine  
  85  10:47  Marine, SCV  
  85  10:48  Marine  
  89  10:51  Marine  
  89  11:00  Marine x2  
  89  11:02  Marine  
  88  11:05  Marine  
  88  11:06  Marine  
  88  11:09  Liberator x2, Marine  
  88  11:11  Siege Tank  
  98  11:18  Marine x2  
  98  11:20  Marine  
  98  11:23  Marine  
  98  11:25  Marine  
  102  11:27  Marine  
  104  11:36  Marine  
  105  11:42  Marine x3  
  105  11:43  Siege Tank  
  109  11:52  Liberator x2, Marine x2  
  109  11:54  Marine  
  115  12:00  Marauder, Marine x2  
  120  12:02  SCV  
  121  12:13  Marine x3  
  121  12:15  Siege Tank  
  127  12:17  Marine  
  127  12:18  Marine  
  127  12:21  Marine  
  130  12:23  SCV  
  121  12:31  Marine x3  
  121  12:35  Marine, Medivac x2  
  121  12:36  Marine  
  127  12:39  Marine  
  128  12:47  Siege Tank  
  128  12:48  Marine  
  128  12:49  Marine x2  
  113  12:53  Marine  
  113  12:57  Marine  
  117  13:00  SCV  
  117  13:05  Liberator, Medivac  
  123  13:06  Marine x2  
  123  13:07  Marine  
  123  13:11  Marine  
  127  13:15  Marine  
  127  13:19  Hellion  
  128  13:22  Unknown, Marine  
  128  13:24  Marine x3  
  107  13:29  Marine  
  104  13:35  Medivac  
  99  13:42  Marine x3  
  99  13:47  Marine  
  102  13:58  Siege Tank  
  102  14:00  Personal Cloaking, Marine x3  
  102  14:01  Unknown  
  102  14:02  Marauder  
  110  14:04  Marine  
  110  14:09  Unknown, Marauder  
  113  14:11  SCV  
  113  14:15  Command Center  
  114  14:17  Marine  
  114  14:18  Marine x2  
  114  14:19  Supply Depot  
  114  14:21  Missile Turret  
  114  14:22  Marine  
  114  14:23  Marauder  
  120  14:24  SCV  
  120  14:30  Siege Tank, Marauder  
  126  14:34  SCV  
  126  14:35  Marine x2  
  126  14:36  Marine  
  130  14:40  Marine  
  130  14:42  SCV  
  130  14:44  Marine  
  131  14:47  SCV  
  131  14:51  Marine  
  126  14:53  Marine x2  
  126  14:57  SCV  
  121  15:02  Hellion  
  98  15:15  Bunker  
  98  15:16  Bunker  
  98  15:17  Command Center  
Tags
 
Composition
Hellion Banshee
Matchup
TvZ
Replay Pack
Multiplayer
Spawn Locations
Cross Positions
Add a new tag
Caveats
  • Supply blocks, unpowered buildings, or Contaminate may cause inaccurate times.
  • Supply counts are checked every 10 seconds.